 Dungeon Crawl Stone Soup version 0.31-a0-360-gb3e1d13bf4 (webtiles) character file.

Game seed: 16020327956105572028

2462 bmack86 the Cleaver (level 9, 0/70 HPs)
             Began as a Minotaur Fighter on July 27, 2023.
             Slain by a gnoll
             ... wielding a +0 halberd
             ... led by a gnoll sergeant
              (6 damage)
             ... on level 7 of the Dungeon.
             The game lasted 00:13:41 (5766 turns).

bmack86 the Cleaver (Minotaur Fighter)              Turns: 5766, Time: 00:13:42

Health: 0/70       AC: 13    Str: 32    XL:     9   Next: 26%
Magic:  8/8        EV:  7    Int:  5    God:
Gold:   323        SH:  5    Dex: 15    Spells: 8/8 levels left

rFire   . . .        a - +2 war axe (flame)
rCold   . . .        c - +0 buckler
rNeg    . . .        k - +0 plate armour
rPois   .            (helmet restricted)
rElec   .            (no cloak)
rCorr   .            j - +1 pair of gloves
SInv    .            (no boots)
Will    .....        (no amulet) Stlth
                     r - +6 ring of strength
HPRegen 0.31/turn    u - +6 ring of dexterity
MPRegen 0.11/turn

%: no passive effects
@: mighty
A: horns 2, retaliatory headbutt
a: no special abilities


You were on level 7 of the Dungeon.
You visited 2 branches of the dungeon, and saw 8 of its levels.

You collected 323 gold pieces.

Inventory:

Hand Weapons
 a - a +2 war axe of flaming (weapon)
Missiles
 o - a throwing net
Armour
 b - a +0 scale mail
 c - a +0 buckler (worn)
 j - a +1 pair of gloves (worn)
 k - a +0 plate armour (worn)
Jewellery
 p - a ring of positive energy
 r - a +6 ring of strength (left hand)
 u - a +6 ring of dexterity (right hand)
Wands
 m - a wand of flame (9)
 n - a wand of charming (7)
 w - a wand of quicksilver (1)
 x - a wand of mindburst (9)
Scrolls
 i - a scroll of vulnerability
Potions
 d - 2 potions of might
 e - a potion of attraction
 f - a potion of mutation
 g - 7 potions of curing
 h - 4 potions of haste
 q - a potion of berserk rage
 s - a potion of resistance
 t - 2 potions of lignification
 v - a potion of brilliance


   Skills:
 - Level 3.6 Fighting
 + Level 14.8 Axes
 - Level 3.6 Armour
 - Level 3.6 Shields


You had 8 spell levels left.
You didn't know any spells.
Your spell library contained the following spells:

 Spells                   Type           Power      Damage    Failure   Level
 Scorch                   Fire           0%         2d5       100%        2
 Flame Wave               Conj/Fire      0%         2d4       100%        4
 Summon Cactus Giant      Summ           0%         N/A       100%        6


Dungeon Overview and Level Annotations

Branches:
Dungeon (7/15)             Temple (1/1) D:6

Altars:
Ashenzari
Cheibriados
Dithmenos
Elyvilon
Fedhas
Kikubaaqudgha
Nemelex Xobeh
Qazlal
Ru
Sif Muna
Trog
Uskayaw
Vehumet
Wu Jian
Xom
Yredelemnul
The Shining One

Annotations:
Temple 4 transporters


Innate Abilities, Weirdness & Mutations

You have a pair of horns on your head.
You reflexively headbutt those who attack you in melee.


Message History

You hit the gnoll sergeant. You burn the gnoll sergeant.
You headbutt the gnoll sergeant!
The gnoll sergeant is heavily wounded.
You slash the gnoll! You burn the gnoll. The gnoll closely misses you.
You furiously retaliate!
You headbutt the gnoll.
You kill the gnoll!
The gnoll sergeant hits you with a +0 spear!
* * * LOW HITPOINT WARNING * * *
You feel much better. The gnoll closely misses you. x2
The gnoll sergeant hits you with a +0 spear.
You feel very mighty all of a sudden.
The gnoll hits you from afar with a +0 halberd.
The gnoll hits you from afar with a +0 spear.
You block the gnoll's attack.
The gnoll sergeant hits you with a +0 spear!
* * * LOW HITPOINT WARNING * * *
The gnoll sergeant blocks your attack.
The gnoll sergeant is heavily wounded.
You slash the gnoll! You burn the gnoll. You closely miss the gnoll sergeant.
The gnoll sergeant is heavily wounded.
You hit the gnoll. You burn the gnoll.
You kill the gnoll!
The gnoll hits you but does no damage.
The gnoll hits you from afar with a +0 halberd.
* * * LOW HITPOINT WARNING * * *
The gnoll sergeant hits you with a +0 spear.
* * * LOW HITPOINT WARNING * * *
You closely miss the gnoll sergeant.
The gnoll sergeant is heavily wounded.
The gnoll hits you but does no damage.
The gnoll hits you from afar with a +0 halberd.
* * * LOW HITPOINT WARNING * * *
The gnoll sergeant hits you but does no damage.
You slash the gnoll sergeant! You burn the gnoll sergeant.
You kill the gnoll sergeant!
The gnoll hits you from afar with a +0 spear.
* * * LOW HITPOINT WARNING * * *
The gnoll hits you from afar with a +0 halberd.
You die...

.... #... ...##
....## ##.....#
###### #....##
#..@)####g....##
#'##)g#........#
##.##.g.........#
#8.8#..#........#
##.#######.....##
##.## ......#
#8.8# .......#
##.## .......#
##.## .........


You could see 2 gnolls.

Vanquished Creatures
  Sigmund (D:3)
  A steam dragon (D:6)
  Menkaure (D:6)
  Edmund (D:5)
  2 water moccasins
  2 ice beasts
  2 ogres
  A sky beast (D:6)
  3 phantoms (D:6)
  2 gnoll sergeants
  2 bullfrogs (D:6)
  3 scorpions
  3 hounds
  4 jellies
  Jessica (D:2)
  5 iguanas
  Ijyb (D:5)
  13 gnolls
  11 adders
  A shadow imp (D:7)
  2 worms (D:2)
  4 dart slugs
  5 orcs
  13 bats
  3 endoplasms
  5 giant cockroaches
  7 goblins
  7 hobgoblins
  4 jackals (D:1)
  4 kobolds
  6 quokkas
  7 ball pythons
  5 frilled lizards
  7 rats
139 creatures vanquished.

Notes
Turn   | Place    | Note
-------+----------+-------------------------------------------
     0 | D:1      | bmack86 the Minotaur Fighter began the quest for the Orb.
     0 | D:1      | Reached XP level 1. HP: 19/19 MP: 0/0
    30 | D:1      | Reached skill level 3 in Axes
    84 | D:1      | Reached XP level 2. HP: 26/26 MP: 1/1
   115 | D:1      | Reached skill level 4 in Axes
   365 | D:1      | Reached XP level 3. HP: 31/31 MP: 2/2
   701 | D:2      | Noticed Jessica
   710 | D:2      | Killed Jessica
   711 | D:2      | Reached skill level 5 in Axes
   711 | D:2      | Reached XP level 4. HP: 32/39 MP: 3/3
  1289 | D:2      | Reached skill level 6 in Axes
  1438 | D:3      | Reached XP level 5. HP: 36/45 MP: 4/4
  1525 | D:3      | Noticed Sigmund
  1545 | D:3      | Killed Sigmund
  1546 | D:3      | Reached skill level 8 in Axes
  1546 | D:3      | Reached XP level 6. HP: 47/51 MP: 5/5
  2101 | D:3      | Found a stormy altar of Qazlal.
  2429 | D:4      | Found a white marble altar of Elyvilon.
  2594 | D:4      | Reached skill level 9 in Axes
  2890 | D:4      | Found an ancient bone altar of Kikubaaqudgha.
  3027 | D:5      | Entered Level 5 of the Dungeon
  3058 | D:5      | Reached XP level 7. HP: 29/57 MP: 6/6
  3236 | D:5      | Found a hide-covered altar of Uskayaw.
  3236 | D:5      | Found a snail-covered altar of Cheibriados.
  3237 | D:5      | Found a blossoming altar of Fedhas.
  3253 | D:5      | Found a shimmering altar of Xom.
  3259 | D:5      | Found a radiant altar of Vehumet.
  3385 | D:5      | Reached skill level 10 in Axes
  3549 | D:5      | Noticed Ijyb
  3560 | D:5      | Killed Ijyb
  3880 | D:5      | Noticed Edmund
  3901 | D:5      | Killed Edmund
  3902 | D:5      | Reached skill level 11 in Axes
  3977 | D:5      | Reached XP level 8. HP: 60/64 MP: 7/7
  4600 | D:6      | Reached skill level 12 in Axes
  4739 | D:6      | Noticed Menkaure
  4745 | D:6      | Killed Menkaure
  4895 | D:6      | Found a staircase to the Ecumenical Temple.
  4903 | Temple   | Found a transporter.
  4903 | Temple   | Found a transporter.
  4903 | Temple   | Found a transporter.
  4903 | Temple   | Found a transporter.
  4903 | Temple   | Entered the Ecumenical Temple
  5007 | D:6      | Reached skill level 13 in Axes
  5234 | D:6      | Reached skill level 14 in Axes
  5234 | D:6      | Reached XP level 9. HP: 35/70 MP: 8/8
  5766 | D:7      | Slain by a gnoll

Illustrated notes

Levels and vault maps discovered:
D:1:      matt_arrival_diagonals, layout_loops_ring
D:2:      layout_loops_ring, minmay_hexomino_c4, uniq_jessica
D:3:      layout_basic, nicolae_qazlal_eye_of_the_storm,
          mrwooster_statue_mirror, minmay_misc_feat_square, uniq_sigmund
D:4:      layout_loops_ring, old_standard_altar, marbit_many_paths
D:5:      lemuel_ice_spiral_2, layout_basic, minmay_overflow_temple_star_hex,
          kennysheep_generic_room_15, uniq_ijyb, uniq_edmund
D:6:      layout_loops_corners, temple_statues, uniq_menkaure
D:7:      layout_cave_pools, dk_noncrumbling_2
Temple:   hellmonk_temple_divided_pantheon

Skill      XL: |  1  2  3  4  5  6  7  8 |
---------------+-------------------------+-----
Axes           | 3 4 5 6 8 9 11 14 | 14.8
Fighting       | |  3.6
Armour         | |  3.6
Shields        | |  3.6

Action                     |  1- 3 |  4- 6 |  7- 9 || total
---------------------------+-------+-------+-------++-------
  Melee: War axe           |    54 |   118 |   125 ||   297
         Headbutt          |     6 |    14 |    26 ||    46
    Use: Scroll            |       |     4 |    13 ||    17
         Potion            |       |       |     2 ||     2
 Armour: Scale mail        |    32 |     3 |       ||    35
         Plate armour      |       |    87 |    64 ||   151
  Dodge: Dodged            |    38 |    31 |    31 ||   100
  Block: Buckler           |    17 |    27 |    12 ||    56

Table legend: (Time is in decaauts)
 A = Elapsed time spent in this place.
 B = Non-inter-level travel time spent in this place.
 C = Inter-level travel time spent in this place.
 D = Time resting spent in this place.
 E = Time spent auto-exploring this place.
 F = Levels seen in this place.
 G = Mean time per level.
                   A        B        C        D        E       F      G
               +--------+--------+--------+--------+--------+-----+--------+
         Total |   5789 |   5642 |    147 |     94 |   4271 |   8 |  723.6 |
       Dungeon |   5775 |   5628 |    147 |     94 |   4271 |   7 |  825.0 |
        Temple |     13 |     13 |      0 |      0 |      0 |   1 |   13.0 |
               +--------+--------+--------+--------+--------+-----+--------+

Top non-repeatable levels by time:
     D:6: 1401 daAuts
     D:5: 1211 daAuts
     D:3: 950 daAuts
     D:2: 733 daAuts
     D:4: 712 daAuts
     D:1: 664 daAuts
     D:7: 101 daAuts
  Temple: 13 daAuts
